 Dungeon Crawl Stone Soup version 0.28.0-53-g5a82cb258f (webtiles) character file.

Game seed: 18216782656527978225

1521 Peloso the Carver (level 8, 0/73 HPs)
             Began as a Minotaur Fighter on July 26, 2022.
             Was an Initiate of Okawaru.
             Slain by an unseen horror (8 damage)
             ... on level 5 of the Dungeon.
             The game lasted 00:07:03 (5581 turns).

Peloso the Carver (Minotaur Fighter)                Turns: 5581, Time: 00:07:04

Health: 0/73       AC:  7    Str: 21    XL:     8   Next: 54%
Magic:  7/7        EV: 10    Int:  5    God:    Okawaru [......]
Gold:   133        SH:  6    Dex: 12    Spells: 7/7 levels left

rFire   . . .      SeeInvis .   a - +1 long sword
rCold   . . .      Faith    .   c - +1 buckler
rNeg    . . .      Spirit   .   b - +0 scale mail
rPois   .          Reflect  .   (helmet restricted)
rElec   .          Harm     .   (no cloak)
rCorr   .          Rampage  .   (no gloves)
Will    .....                   (no boots)
Stlth   ..........              (no amulet)
HPRegen 0.22/turn               (no ring)
MPRegen 0.10/turn               (no ring)

@: studying Fighting
A: horns 2, retaliatory headbutt
a: Renounce Religion


You were on level 5 of the Dungeon.
You worshipped Okawaru.
Okawaru was noncommittal.
You visited 2 branches of the dungeon, and saw 6 of its levels.

You collected 133 gold pieces.

Inventory:

Hand Weapons
 a - a +1 long sword (weapon)
Armour
 b - a +0 scale mail (worn)
 c - a +1 buckler (worn)
Jewellery
 e - a +4 ring of slaying
 j - a +6 ring of dexterity
Scrolls
 f - a scroll of blinking {unknown}
 h - 2 scrolls of noise
 i - a scroll of enchant weapon
Potions
 d - a potion of mutation {unknown}
 g - a potion of curing {unknown}


   Skills:
 + Level 7.5 Fighting
 + Level 8.3 Long Blades
 + Level 7.3 Armour
 + Level 3.3 Dodging
 + Level 0.4 Stealth
 + Level 5.7 Shields


You had 7 spell levels left.
You didn't know any spells.
Your spell library contained the following spells:

 Spells                   Type           Power      Damage    Failure   Level
 Blink                    Tloc           0%         N/A       94%         2
 Conjure Flame            Conj/Fire      0%         6-21      99%         3
 Ignite Poison            Fire/Tmut/Pois 0%         N/A       99%         3
 Sticky Flame             Conj/Fire      0%         2d3       100%        4
 Manifold Assault         Tloc           0%         N/A       100%        5
 Storm Form               Tmut/Air       0%         N/A       100%        7


Dungeon Overview and Level Annotations

Branches:
Dungeon (5/15)             Temple (1/1) D:5

Altars:
Ashenzari
Cheibriados
Dithmenos
Elyvilon
Fedhas
Gozag
Hepliaklqana
Kikubaaqudgha
Okawaru
Qazlal
Ru
Sif Muna
Trog
Uskayaw
Vehumet
Wu Jian
Xom
Yredelemnul
Zin
The Shining One

Annotations:
D:5 1 runed translucent door, crawlogic's ghost, novice HOBe


Innate Abilities, Weirdness & Mutations

You have a pair of horns on your head.
You reflexively headbutt those who attack you in melee.


Message History

You hit the ogre. Your headbutt misses the ogre.
The ogre is lightly wounded.
Something hits you!
The ogre hits you with a +0 giant club!!
You slash the ogre!
The ogre is heavily wounded.
Something hits you but does no damage.
You slash the ogre!
You kill the ogre!
Okawaru accepts your kill. Something hits you but does no damage.
Something hits you but does no damage.
Things that are here:
a +0 giant club; an ogre corpse Something hits you but does no damage.
Something hits you! Something hits you. Something hits you. x2
You hit something. Something hits you but does no damage.
Something hits you but does no damage.
Things that are here:
a +0 giant club; an ogre corpse Something hits you but does no damage.
Something hits you.
* * * LOW HITPOINT WARNING * * *
You block something's attack. Something hits you!
* * * LOW HITPOINT WARNING * * *
You block something's attack.
You hit something but do no damage. You headbutt something.
You block something's attack.
You miss something. Something hits you!
* * * LOW HITPOINT WARNING * * *
Something hits you but does no damage. x2
You barely miss something. Your headbutt misses something.
Something hits you but does no damage. Something hits you but does no damage.
You block something's attack.
You barely miss something. Something hits you but does no damage.
Something hits you!
You die...

#. ..#.#.#####.# #.
#.#......##.# ###.##
#.#...##.##.# .$.?#
#.###.##.##.# #..# #.#
#.##....# #..# #.# #.#####..
#.)# #.# #.# #.#
#..#####.###.# #.#
#..@.........# #.#
#.#####...#.## #.# #.# #.#
#...#.######.# #.# #.#
#...#......... ##.####.#
#...#....###.#
###.......######'##.#### #..
##.......#.##.###.##.########
..
+..8.8.8.....................
...
#..⌠.⌠..#.##.##.....########


There were no monsters in sight!

Vanquished Creatures
  A centaur zombie (D:5)
  A water moccasin (D:5)
  2 ice beasts (D:5)
  3 ogres (D:5)
  2 phantoms
  A scorpion (D:4)
  A jelly (D:5)
  2 orc priests (D:5)
  A centaur skeleton (D:5)
  An iguana (D:5)
  A hound skeleton (D:4)
  Robin (D:3)
  A howler monkey zombie (D:5)
  10 adders
  4 gnolls
  An adder skeleton (D:4)
  2 dart slugs
  4 orcs (D:5)
  10 endoplasms
  3 giant cockroaches
  20 goblins
  3 hobgoblins (D:3)
  3 quokkas
  5 ball pythons
  13 bats
  A frilled lizard (D:2)
  7 kobolds
  2 rats (D:1)
106 creatures vanquished.

Notes
Turn   | Place    | Note
-------+----------+-------------------------------------------
     0 | D:1      | Peloso the Minotaur Fighter began the quest for the Orb.
     0 | D:1      | Reached XP level 1. HP: 19/19 MP: 0/0
   192 | D:1      | Reached XP level 2. HP: 27/27 MP: 1/1
  1064 | D:2      | Reached XP level 3. HP: 32/33 MP: 2/2
  1172 | D:2      | Reached skill level 3 in Long Blades
  1768 | D:2      | Found a faded altar of an unknown god.
  1827 | D:2      | Reached XP level 4. HP: 40/40 MP: 3/3
  1866 | D:3      | Noticed Robin
  1878 | D:3      | Killed Robin
  2198 | D:3      | Reached skill level 4 in Long Blades
  2452 | D:3      | Reached XP level 5. HP: 47/47 MP: 4/4
  2774 | D:4      | Reached skill level 1 in Dodging
  3080 | D:4      | Reached skill level 5 in Long Blades
  3080 | D:4      | Reached skill level 5 in Armour
  3127 | D:5      | Entered Level 5 of the Dungeon
  3127 | D:5      | Noticed a phantom
  3131 | D:5      | Noticed an ogre
  3147 | D:4      | Killed a phantom
  3148 | D:4      | Reached XP level 6. HP: 28/55 MP: 5/5
  3324 | D:5      | Reached skill level 5 in Fighting
  3600 | D:5      | Found a runed translucent door.
  3603 | D:5      | Noticed crawlogic's ghost (novice HOBe)
  3837 | D:5      | Noticed an ice beast
  4138 | D:5      | Killed an ice beast
  4139 | D:5      | Reached skill level 6 in Long Blades
  4139 | D:5      | Reached XP level 7. HP: 42/61 MP: 6/6
  4242 | D:5      | Reached skill level 5 in Shields
  4317 | D:5      | HP: 1/62 [centaur warrior zombie (3)]
  4325 | D:5      | Reached skill level 7 in Long Blades
  4325 | D:5      | Reached XP level 8. HP: 16/71 MP: 7/7
  5111 | D:5      | Found a staircase to the Ecumenical Temple.
  5125 | Temple   | Entered the Ecumenical Temple
  5368 | Temple   | Became a worshipper of Warmaster Okawaru
  5509 | D:5      | Reached skill level 8 in Long Blades
  5581 | D:5      | Slain by an unseen horror

Illustrated notes

Levels and vault maps discovered:
D:1:      heliophobic_arrival_glass_houses, layout_loops_cross,
          chequers_decorated_corner
D:2:      minmay_angry_zag, layout_loops_corners, basic_ecumenical_altar
D:3:      layout_basic, uniq_robin
D:4:      layout_basic
D:5:      layout_basic, minmay_temple_entry_statues_fountains,
          ebering_ghost_reflecting_pool, grunt_ministairs_3
Temple:   mainiacjoe_temple_starburst

Skill      XL: |  1  2  3  4  5  6  7  8 |
---------------+-------------------------+-----
Armour         | 4 5 6 7 |  7.3
Shields        | 4 5 |  5.7
Fighting       | 4 5 6 7 |  7.5
Long Blades    | 3 4 5 6 7 8 |  8.3
Dodging        | 1 2 3 |  3.3
Stealth        | |  0.4

Action                   |  1- 3 |  4- 6 |  7- 9 || total
-------------------------+-------+-------+-------++-------
Melee: Long sword        |    88 |   144 |    66 ||   298
       Headbutt          |     4 |    18 |    14 ||    36
  Use: Scroll            |     1 |     7 |       ||     8
       Potion            |       |     3 |     2 ||     5
Armor: Scale mail        |    58 |    67 |    38 ||   163
Dodge: Dodged            |    36 |    70 |    25 ||   131
Block: Buckler           |    21 |    36 |    17 ||    74
